 Dungeon Crawl Stone Soup version 0.31-a0-654-gbe3e110b4e (webtiles) character file.

Game seed: 5270099849126445255

98 Sirrus the Trooper (level 4, -3/38 (41) HPs)
             Began as a Minotaur Chaos Knight on Aug 29, 2023.
             Was a Plaything of Xom.
             Slain by a soul eater (8 damage)
             ... summoned by Xom
             ... on level 2 of the Dungeon.
             The game lasted 00:29:43 (1749 turns).

Sirrus the Trooper (Minotaur Chaos Knight)          Turns: 1749, Time: 00:29:47

HP:   -3/38 (41)    AC:  2    Str: 22    XL:     4   Next: 43%
MP:   3/3           EV: 12    Int:  9    God:    Xom [......]
Gold: 130           SH:  0    Dex: 10    Spells: 1/3 levels left

rFire   . . .        m - +6 scimitar "Igerod" {elec, rCorr}
rCold   . . .        (no shield)
rNeg    . . .        p - +1 leather armour of a bazaar {rElec Regen+ Str+4}
rPois   .            (helmet restricted)
rElec   +            (no cloak)
rCorr   +            (no gloves)
SInv    .            (no boots)
Will    .....        (no amulet)
Stlth   +            f - ring of resist corrosion
HPRegen 1.06/turn    i - ring of protection from cold
MPRegen 0.08/turn

%: no passive effects
@: drained
A: horns 2, retaliatory headbutt, deformed body, screaming 1, cold vulnerability
1, subdued magic 1, MP-powered wands
a: Renounce Religion


You were on level 2 of the Dungeon.
You worshipped Xom.
You were a very special plaything of Xom.
You visited 1 branch of the dungeon, and saw 3 of its levels.

You collected 130 gold pieces.

Inventory:

Hand Weapons
 a - a +0 mace of chaos
 m - the +6 scimitar "Igerod" (weapon) {elec, rCorr}
   (Xom gifted it to you on level 2 of the Dungeon)

   rCorr:     It protects you from acid and corrosion.
Missiles
 h - 5 poisoned darts (quivered)
 k - 21 stones
Armour
 b - a +2 leather armour
 l - the +1 leather armour "Aseesun" {Dex+4}
   (You found it on level 2 of the Dungeon)

   Dex+4:     It affects your dexterity (+4).
 p - the +1 leather armour of a bazaar (worn) {rElec Regen+ Str+4}
   (You found it on level 2 of the Dungeon)

   Str+4:     It affects your strength (+4).
   rElec:     It insulates you from electricity.
   Regen+:    It increases your rate of health regeneration.
 q - the +2 chain mail of Good Intentions {MP+9}
   (You found it on level 2 of the Dungeon)

   MP+9:      It affects your magic capacity (+9).
Jewellery
 f - a ring of resist corrosion (left hand)
 i - a ring of protection from cold (right hand)
Scrolls
 c - a scroll of butterflies
 j - 2 scrolls of immolation {unknown}
 o - 3 scrolls of identify {unknown}
Potions
 d - a potion of cancellation {unknown}
 e - a potion of heal wounds {unknown}
 g - 2 potions of enlightenment {unknown}
 n - a potion of haste {unknown}


   Skills:
 + Level 4.5 Fighting
 + Level 1.1 Long Blades
 - Level 4.2 Maces & Flails
 + Level 3.5 Armour
 + Level 2.4 Dodging


You had one spell level left.
You knew the following spells:

 Your Spells              Type           Power      Damage    Failure   Level
a - Lesser Beckoning      Tloc           0%         N/A       52%         2

Your spell library contained the following spells:

 Spells                   Type           Power      Damage    Failure   Level
 Gell's Gravitas          Tloc           0%         N/A       77%         3
 Teleport Other           Tloc           0%         N/A       77%         3
 Simulacrum               Ice/Necr       0%         N/A       100%        6
 Ozocubu's Refrigeration  Ice            0%         4d7       100%        7
 Polar Vortex             Ice            0%         N/A       100%        9


Dungeon Overview and Level Annotations

Branches:
Dungeon (3/15)

Altars:


Innate Abilities, Weirdness & Mutations

You have a pair of horns on your head.
You reflexively headbutt those who attack you in melee.
Armour fits poorly on your strangely shaped body.
You occasionally shout uncontrollably at your foes.
You are vulnerable to cold. (rC-)
Your spells are a little easier to cast, but a little less powerful.
You expend magic power (3 MP) to strengthen your wands.


Message History

There is a stone staircase leading down here.
You open the door.
There is an open door here.
You open the door.
There is an open door here.
o - 3 scrolls labelled ELEGHOE WEDUMEOW (gained 1)
You see here a +0 spear. "Let's see if it's strong enough to survive yet."
Press: ? - help, v - describe, . - travel
Here: a soul eater (summoned)
The floor.
Unknown command.
Press: ? - help, v - describe, . - travel
Here: a crimson imp (summoned)
The floor.
The ufetubus hits you. The ufetubus closely misses you.
The crimson imp barely misses you.
The soul eater attacks as it pursues you!
The soul eater hits you. The ufetubus attacks as it pursues you!
The ufetubus hits you.
The ufetubus hits you but does no damage.
The crimson imp hits you but does no damage.
The soul eater hits you! The ufetubus hits you. The ufetubus barely misses you.
The soul eater attacks as it pursues you!
The soul eater closely misses you.
You hit the ufetubus but do no damage. The ufetubus hits you.
The ufetubus hits you but does no damage.
You hit the soul eater.
The soul eater is lightly wounded.
The soul eater hits you.
You feel drained.
You completely miss the soul eater.
The soul eater is lightly wounded.
The soul eater barely misses you.
You hit the soul eater but do no damage.
The soul eater is lightly wounded.
The soul eater hits you!
* * * LOW HITPOINT WARNING * * *
Xom is amused.
You feel drained. The soul eater hits you!
You die...

.....# #.#.# #.##.# #.#........
.....####.#.####.##.###.†........
............#........##.##.######
...######............##)##.#
..........).............##.#
.....................#####.#
..........#.#..55....# #.#
..........#.####3##.######.#
.....###........@.......##.#
.###)# #....####........##.# .#
#.# ###..## #........##.#
.###.#####...###........##.######
.........^.......................
.###...####...##........##.######
.# #...# #.#...........##.#
.###...# #.###.........##.#
.......# #.# #..####.#.##.#


You could see a soul eater (summoned), a crimson imp (summoned) and an ufetubus
(summoned).

Vanquished Creatures
  Terence (D:2)
  An iguana (D:3)
  An adder (D:2)
  A dart slug (D:3)
  4 bats
  4 endoplasms
  A giant cockroach (D:2)
  6 goblins
  3 hobgoblins
  3 kobolds (D:2)
  3 ball pythons
  6 frilled lizards
  2 rats (D:2)
36 creatures vanquished.

Notes
Turn   | Place    | Note
-------+----------+-------------------------------------------
     0 | D:1      | Sirrus the Minotaur Chaos Knight began the quest for the
                  | Orb.
     0 | D:1      | Reached XP level 1. HP: 19/19 MP: 0/0
    85 | D:2      | XOM: stealth player
   623 | D:2      | Reached XP level 2. HP: 25/27 MP: 1/1
   769 | D:2      | Noticed Terence
   770 | D:2      | Identified the +1 leather armour "Aseesun" {Dex+4}
   782 | D:2      | Killed Terence
   783 | D:2      | Reached XP level 3. HP: 33/33 MP: 2/2
   830 | D:2      | XOM: give mutations
   830 | D:2      | Gained mutation: You expend magic power (3 MP) to
                  | strengthen your wands. [Xom's mischief]
   830 | D:2      | Gained mutation: You have hidden genetic defects. [Xom's
                  | mischief]
   830 | D:2      | Gained mutation: Armour fits poorly on your strangely
                  | shaped body. [Xom's mischief]
   830 | D:2      | Gained mutation: You are vulnerable to cold. (rC-) [Xom's
                  | mischief]
   862 | D:2      | XOM: god gift: 56 gold pieces
   996 | D:2      | Found a faded altar of an unknown god.
  1054 | D:2      | XOM: silly message
  1080 | D:2      | Identified the +6 scimitar "Igerod" {elec, rCorr} (Xom
                  | gifted it to you on level 2 of the Dungeon)
  1080 | D:2      | XOM: god gift: +6 scimitar "Igerod" {elec, rCorr}
  1306 | D:2      | You fall into a shaft and drop 1 floor!
  1329 | D:3      | Reached XP level 4. HP: 41/41 MP: 3/3
  1333 | D:3      | Gained mutation: Your spells are a little easier to cast,
                  | but a little less powerful. [hidden defects]
  1391 | D:3      | Reached skill level 1 in Long Blades
  1435 | D:2      | Identified the +1 leather armour of a bazaar {rElec Regen+
                  | Str+4}
  1449 | D:2      | Gained mutation: You occasionally shout uncontrollably at
                  | your foes. [hidden defects]
  1449 | D:2      | Lost mutation: You have hidden genetic defects. [hidden
                  | defects expressed]
  1474 | D:2      | Identified the +2 chain mail of Good Intentions {MP+9}
  1480 | D:2      | Learned a level 2 spell: Lesser Beckoning
  1741 | D:2      | XOM: summons 3 hostile demons
  1742 | D:2      | Noticed a soul eater
  1749 | D:2      | Slain by a soul eater

Illustrated notes

Levels and vault maps discovered:
D:1:      sevenhm_arrival_forest_fort_large_2, layout_loops_ring
D:2:      layout_basic, shapermc_ecumenical_altar_ellora, uniq_terence
D:3:      layout_loops_ring, nicolae_ru_awakened_eye, grunt_ministairs_12

Skill      XL: |  1  2  3  4 |
---------------+-------------+-----
Fighting       | 4 |  4.5
Maces & Flails | 4 |  4.2
Armour         | 3 |  3.5
Dodging        | 2 |  2.4
Long Blades    | 1 |  1.1

Action                     |  1- 3 |  4- 6 || total
---------------------------+-------+-------++-------
  Melee: Mace              |    63 |       ||    63
         Scimitar          |     5 |    20 ||    25
         Headbutt          |     5 |       ||     5
   Stab: Sleeping          |     1 |       ||     1
 Armour: Leather armour    |    16 |     6 ||    22
  Dodge: Dodged            |    32 |    12 ||    44

Table legend: (Time is in decaauts)
 A = Elapsed time spent in this place.
 B = Non-inter-level travel time spent in this place.
 C = Inter-level travel time spent in this place.
 D = Time resting spent in this place.
 E = Time spent auto-exploring this place.
 F = Levels seen in this place.
 G = Mean time per level.
                   A        B        C        D        E       F      G
               +--------+--------+--------+--------+--------+-----+--------+
         Total |   1772 |   1682 |     90 |      0 |   1096 |   3 |  590.7 |
       Dungeon |   1772 |   1682 |     90 |      0 |   1096 |   3 |  590.7 |
               +--------+--------+--------+--------+--------+-----+--------+

Top non-repeatable levels by time:
     D:2: 1052 daAuts
     D:1: 603 daAuts
     D:3: 116 daAuts
